 Dungeon Crawl Stone Soup version 0.25.0-9-g26727b657a (webtiles) character file.

Game seed: 14159346045987718073

10276 Delamore the Bludgeoner (level 11, -17/60 HPs)
             Began as a Gargoyle Fighter on June 20, 2020.
             Was a High Priest of Okawaru.
             Demolished by a freezing wraith (23 damage)
             ... on level 9 of the Dungeon.
             The game lasted 00:12:42 (10346 turns).

Delamore the Bludgeoner (Gargoyle Fighter)         Turns: 10346, Time: 00:12:43

Health: -17/60     AC: 27    Str: 34    XL:     11   Next: 59%
Magic:  11/11      EV:  5    Int:  9    God:    Okawaru [*****.]
Gold:   526        SH: 16    Dex: 12    Spells: 10/10 levels left

rFire    . . .     SeeInvis .   h - +2 whip (elec)
rCold    . . .     Gourm    .   c - +1 kite shield
rNeg     + . .     Faith    .   F - +4 plate armour "Lutwatz" {Str+5 Stlth+}
rPois    ∞         Spirit   .   e - +0 helmet
rElec    +         Reflect  +   (no cloak)
rCorr    +         Harm     .   D - +1 pair of gloves {Dex+3}
MR       .....                  i - +0 pair of boots
Stlth    ..........             s - amulet of reflection
HPRegen  0.20/turn              b - ring of resist corrosion
MPRegen  0.12/turn              B - +6 ring of strength

@: slowed, very slow
A: negative energy resistance 1, electricity resistance, unbreathing,
petrification resistance, rot immunity, AC +8
a: Heroism, Finesse, Renounce Religion


You were on level 9 of the Dungeon.
You worshipped Okawaru.
Okawaru was extremely pleased with you.
You were hungry.

You visited 2 branches of the dungeon, and saw 10 of its levels.

You collected 526 gold pieces.

Inventory:

Hand Weapons
 a - a +0 flail
 h - a +2 whip of electrocution (weapon)
Missiles
 E - a throwing net (quivered)
 G - 2 javelins
Armour
 c - a +1 kite shield (worn)
 e - a +0 helmet (worn)
 i - a +0 pair of boots (worn)
 D - a +1 pair of gloves of dexterity (worn)
 F - the +4 plate armour "Lutwatz" (worn) {Str+5 Stlth+}
   (You took it off an orc warrior on level 6 of the Dungeon)

   It affects your strength (+5).
   It makes you more stealthy.
Jewellery
 b - a ring of resist corrosion (left hand)
 s - an amulet of reflection (around neck)
 v - an uncursed ring of flight
 y - an uncursed ring of ice
 B - a +6 ring of strength (right hand)
Scrolls
 j - 2 scrolls of fear
 l - 2 scrolls of remove curse
 n - 2 scrolls of teleportation
 q - a scroll of magic mapping
 w - a scroll of acquirement {unknown}
 x - 2 scrolls of fog {unknown}
 A - a scroll of holy word {unknown}
 C - a scroll of noise {unknown}
 K - a scroll of enchant weapon {unknown}
Potions
 d - 3 potions of might
 g - a potion of brilliance {unknown}
 k - 2 potions of mutation
 m - a potion of lignification
 o - a potion of haste
 p - a potion of stabbing {unknown}
 r - 4 potions of curing
 t - a potion of invisibility {unknown}
 u - 2 potions of flight
 z - a potion of heal wounds {unknown}
 H - a potion of cancellation {unknown}
 J - a potion of ambrosia {unknown}
Comestibles
 f - 16 rations


   Skills:
 - Level 3.2 Fighting
 + Level 16.8 Maces & Flails
 - Level 3.2 Armour
 - Level 3.2 Shields


You had 10 spell levels left.
You didn't know any spells.
Your spell library contained the following spells:

 Spells                   Type           Power        Failure   Level  Hunger
 Shock                    Conj/Air       #...         100%        1    ##.....
 Blink                    Tloc           N/A          100%        2    ###....
 Poisonous Vapours        Pois/Air       #.....       100%        2    ###....
 Searing Ray              Conj           #.....       100%        2    ###....
 Shroud of Golubria       Chrm/Tloc      #.....       100%        2    ###....
 Swiftness                Chrm/Air       #.......     100%        2    ###....
 Static Discharge         Conj/Air       #.......     100%        3    ####...
 Airstrike                Air            #.........   100%        4    #####..
 Lightning Bolt           Conj/Air       #.........   100%        5    ######.
 Sublimation of Blood     Necr           Unusable     N/A         2    N/A

Dungeon Overview and Level Annotations

Branches:
Dungeon (9/15)             Temple (1/1) D:5            Lair (0/6) D:8
    Orc: D:9-12

Altars:
Ashenzari
Cheibriados
Dithmenos
Elyvilon
Fedhas
Gozag
Hepliaklqana
Kikubaaqudgha
Makhleb
Nemelex Xobeh
Okawaru
Qazlal
Sif Muna
Trog
Uskayaw
Vehumet
Wu Jian
Xom
Yredelemnul
Zin
The Shining One
Beogh


Innate Abilities, Weirdness & Mutations

You are resistant to torment.
Your stone body is resilient. (AC +8)
You are immune to poison.
You resist negative energy. (rN+)
You are resistant to electric shocks. (rElec)
You can survive without breathing.
You are immune to petrification.
You are immune to rotting.


Message History

The freezing wraith hits you.
* * * LOW HITPOINT WARNING * * *
The freezing wraith freezes you!
* * * LOW HITPOINT WARNING * * *
You block the freezing wraith's attack.
You hit the freezing wraith but do no damage.
The freezing wraith is severely damaged.
You feel better. You block the freezing wraith's attack.
The freezing wraith hits you but does no damage. x2
You block the freezing wraith's attack.
You hit the freezing wraith but do no damage.
The freezing wraith is severely damaged.
The freezing wraith hits you but does no damage.
You block the freezing wraith's attack.
You hit the freezing wraith.
The freezing wraith is severely damaged.
The freezing wraith hits you!
* * * LOW HITPOINT WARNING * * *
The freezing wraith freezes you!!
You die...

......#.#...#....#.##### #.....#
##....#.#...#....#...... #.....#
#....#.'...#.####...... #.....#
#....#.#...#.#......... #.....#
#....#.#...'.#......... #.....#
##....#.#...#.#.)....... .#####.#
......#.#####.#..................
......'.......#|)###.........###.
#######.......##@# ##...## #.
................W# ##.
..................# #..
..................# #..
.)................# ##..
.........####......# #...
.....##### #......# #. #...
.....# #......# #. #... .....#
#.....## ## ..##..


You could see a freezing wraith.

Vanquished Creatures
  A hydra (D:9)
  3 death yaks (D:8)
  The ghost of Shaidar the Cleaver, a novice MiBe of Trog (D:6)
  Maggie (D:9)
  2 trolls (D:9)
  Grinder (D:3)
  A hornet (D:8)
  7 yaks
  A hungry ghost (D:7)
  2 steam dragons
  A warg (D:6)
  A soldier ant (D:8)
  An ice beast (D:9)
  6 orc warriors
  A necrophage (D:7)
  2 phantoms
  2 sky beasts
  8 ogres
  The ghost of triki the Vexing, an amateur CeAM (D:3)
  A big kobold (D:9)
  2 bullfrogs
  A water moccasin zombie (D:6)
  A wyvern skeleton (D:9)
  A water moccasin skeleton (D:4)
  6 scorpions
  4 crimson imps
  5 howler monkeys (D:7)
  A quasit (D:9)
  11 orc priests
  8 orc wizards
  A centaur skeleton (D:4)
  A centaur zombie (D:7)
  3 gnoll shamans (D:6)
  3 hounds
  2 iguanas
  Natasha (twice) (D:3)
  7 worker ants
  4 hound skeletons
  A worker ant zombie (D:8)
  34 gnolls
  9 adders
  2 shadow imps
  A white imp (D:8)
  3 oozes
  An adder zombie (D:6)
  An adder skeleton (D:7)
  5 worms
  4 dart slugs
  5 leopard geckos
  36 orcs
  7 bats
  6 giant cockroaches
  5 goblins (D:1)
  4 hobgoblins
  35 jackals
  4 quokkas
  4 ball pythons (D:3)
  8 frilled lizards
  A goblin skeleton (D:8)
  A goblin zombie (D:8)
  2 hobgoblin zombies (D:8)
  A jackal zombie (D:6)
  4 kobolds
  2 kobold zombies (D:8)
  A leopard gecko skeleton (D:8)
  2 orc zombies (D:8)
  A quokka skeleton (D:5)
  6 rats
303 creatures vanquished.

Vanquished Creatures (others)
  A yak (D:8)
1 creature vanquished.

Grand Total: 304 creatures vanquished

Notes
Turn   | Place    | Note
-------+----------+-------------------------------------------
     0 | D:1      | Delamore the Gargoyle Fighter began the quest for the Orb.
     0 | D:1      | Reached XP level 1. HP: 14/14 MP: 1/1
    85 | D:1      | Reached XP level 2. HP: 10/19 MP: 2/2
   338 | D:1      | Reached skill level 3 in Maces & Flails
   419 | D:1      | Reached XP level 3. HP: 23/23 MP: 3/3
   894 | D:1      | Reached skill level 4 in Maces & Flails
  1347 | D:2      | Reached XP level 4. HP: 26/28 MP: 4/4
  1899 | D:3      | Found a runed translucent door.
  1899 | D:3      | Noticed triki's ghost (amateur CeAM)
  1931 | D:3      | Reached skill level 5 in Maces & Flails
  1931 | D:3      | Reached XP level 5. HP: 32/32 MP: 5/5
  2138 | D:3      | Reached skill level 6 in Maces & Flails
  2138 | D:3      | Reached XP level 6. HP: 34/37 MP: 6/6
  2292 | D:3      | Noticed Grinder
  2299 | D:3      | Paralysed by Grinder for 3 turns
  2321 | D:3      | Paralysed by Grinder for 3 turns
  2325 | D:3      | Killed Grinder
  2325 | D:3      | Reached skill level 7 in Maces & Flails
  2325 | D:3      | Reached XP level 7. HP: 8/41 MP: 7/7
  2736 | D:3      | Noticed Natasha
  2752 | D:3      | Killed Natasha
  2883 | D:3      | Noticed Natasha
  2891 | D:3      | Killed Natasha
  2922 | D:3      | Killed triki's ghost
  2922 | D:3      | Reached skill level 8 in Maces & Flails
  3371 | D:4      | Found an opulent altar of Gozag.
  3416 | D:4      | Reached skill level 9 in Maces & Flails
  3462 | D:4      | Reached XP level 8. HP: 27/46 MP: 8/8
  4284 | D:5      | Entered Level 5 of the Dungeon
  4284 | D:5      | Found a staircase to the Ecumenical Temple.
  4300 | Temple   | Entered the Ecumenical Temple
  4644 | D:5      | Found an iron altar of Okawaru.
  4657 | D:5      | Reached skill level 10 in Maces & Flails
  4664 | D:5      | Became a worshipper of Warmaster Okawaru
  4689 | D:5      | HP: 1/46 [orc priest/divine providence (14)]
  5411 | D:6      | Reached skill level 11 in Maces & Flails
  5666 | D:6      | Reached XP level 9. HP: 44/51 MP: 9/9
  6196 | D:6      | Reached * piety under Okawaru
  6273 | D:6      | Reached skill level 12 in Maces & Flails
  6907 | D:6      | Found a runed translucent gate.
  6907 | D:6      | Noticed Shaidar's ghost (novice MiBe)
  6908 | D:6      | Found a runed translucent gate.
  6909 | D:6      | Found a runed translucent gate.
  6911 | D:6      | Identified the +4 plate armour "Lutwatz" {Str+5 Stlth+}
  6915 | D:6      | Found a roughly hewn altar of Beogh.
  6962 | D:6      | Killed Shaidar's ghost
  6962 | D:6      | Reached skill level 13 in Maces & Flails
  6975 | D:6      | Reached ** piety under Okawaru
  7005 | D:7      | Reached XP level 10. HP: 14/56 MP: 10/10
  7608 | D:7      | Identified the +1 battleaxe "Lilohal" {distort, *Noise
                  | MR+++ Dex-3 Stlth+}
  7736 | D:7      | Reached *** piety under Okawaru
  7736 | D:7      | Reached skill level 14 in Maces & Flails
  8095 | D:7      | Found a hide-covered altar of Uskayaw.
  8259 | D:7      | Found a snail-covered altar of Cheibriados.
  8261 | D:7      | Found a glowing silver altar of Zin.
  8261 | D:7      | Found a radiant altar of Vehumet.
  8333 | D:8      | Noticed a death yak
  8333 | D:8      | Noticed a death yak
  8348 | D:8      | Killed a death yak
  8358 | D:8      | Noticed a death yak
  8360 | D:8      | Killed a death yak
  8360 | D:8      | Reached **** piety under Okawaru
  8360 | D:8      | Reached skill level 15 in Maces & Flails
  8373 | D:8      | Killed a death yak
  8384 | D:8      | Reached XP level 11. HP: 23/60 MP: 11/11
  8662 | D:8      | Found a staircase to the Lair.
  8808 | D:8      | Found a burning altar of Makhleb.
  8924 | D:8      | Identified Easy Rites and Rhymes
  9013 | D:8      | Reached ***** piety under Okawaru
  9236 | D:8      | Found a glowing golden altar of the Shining One.
  9491 | D:9      | Reached skill level 16 in Maces & Flails
  9499 | D:9      | Noticed an eight-headed hydra
  9514 | D:9      | Killed an eight-headed hydra
 10219 | D:9      | Noticed Maggie
 10221 | D:9      | Identified the +5 chain mail of a wizard's laboratory
                  | {Str+3}
 10231 | D:9      | Killed Maggie
 10342 | D:9      | HP: 3/60 [freezing wraith (14)]
 10346 | D:9      | Demolished by a freezing wraith

Illustrated notes

Levels and vault maps discovered:
D:1:      minmay_arrival_nine_rooms, layout_basic, serial_bayou_crossing
D:2:      layout_rooms, serial_forest, infiniplex_forest_straight_4,
          infiniplex_forest_lined_room_3, infiniplex_forest_zigzag_2,
          infiniplex_forest_diagonal, infiniplex_forest_lined_room_,
          infiniplex_forest_corner_1, infiniplex_forest_end_3, first_ration
D:3:      layout_basic, gammafunk_ghost_grave, uniq_natasha, uniq_grinder
D:4:      layout_layer_cave, nicolae_gozag_cash_rules_everything_around_me
D:5:      kb_forest_paths, layout_basic, nicolae_overflow_crystal_walls,
          minmay_temple_entry_mist
D:6:      lemuel_castle_with_subvaults [lemuel_castle_interior_carwin_2],
          layout_cave_pools, biasface_ghost_orc_armoury
D:7:      layout_basic, grunt_temple_overflow_diamond, kennysheep_mini_moat
D:8:      layout_loops_corners, kennysheep_little_box, dpeg_lair_monsters,
          hangedman_pestilent_swarm, nicolae_tso_besieged_by_evil
D:9:      layout_irregular_city, marbit_many_paths, minmay_pinched_square,
          uniq_maggie
Temple:   eino_temple_lava

Skill      XL: |  1  2  3  4  5  6  7  8  9 10 11 |
---------------+----------------------------------+-----
Maces & Flails | 3 4 5 6 7 9 11 13 15 16 | 16.8
Fighting       | |  3.2
Armour         | |  3.2
Shields        | |  3.2

Action                   |  1- 3 |  4- 6 |  7- 9 | 10-12 || total
-------------------------+-------+-------+-------+-------++-------
Melee: Flail             |    98 |   179 |   532 |       ||   809
       Whip              |       |       |   138 |   483 ||   621
Invok: Heroism           |       |       |     1 |       ||     1
 Abil: Evoke Flight      |       |       |     1 |       ||     1
  Use: Scroll            |       |       |     9 |     2 ||    11
       Potion            |       |       |     1 |     1 ||     2
  Eat: Chunk             |       |     5 |    16 |    12 ||    33
Armor: Scale mail        |    87 |    81 |   180 |       ||   348
       Plate armour      |       |       |    65 |   157 ||   222
Dodge: Dodged            |    37 |    48 |   142 |    29 ||   256
Block: Kite shield       |    61 |    73 |   498 |   208 ||   840
       Reflection        |       |       |     1 |     6 ||     7
